 Dungeon Crawl Stone Soup version 0.28.0-45-g0d030f2227 (webtiles) character file.

Game seed: 15905414323470517290

288 pkoi the Insei (level 5, -1/40 (45) HPs)
             Began as a Demigod Fighter on Apr 11, 2022.
             Slain by a wight
             ... wielding a +0 flail
              (2 damage)
             ... on level 3 of the Dungeon.
             The game lasted 00:04:07 (5053 turns).

pkoi the Insei (Demigod Fighter)                    Turns: 5053, Time: 00:04:07

HP:   -1/40 (45)    AC:  8    Str: 17      XL:     5   Next: 81%
MP:   7/7           EV:  6    Int:  8 (10) God:
Gold: 180           SH:  5    Dex: 17      Spells: 4/4 levels left

rFire   . . .      SeeInvis .     - Unarmed
rCold   + . .      Faith    .   b - +0 buckler
rNeg    . . .      Spirit   .   h - +3 chain mail {rC+}
rPois   .          Reflect  .   (no helmet)
rElec   .          Harm     .   (no cloak)
rCorr   .          Rampage  .   (no gloves)
Will    .....                   (no boots)
Stlth   ..........              (no amulet)
HPRegen 0.13/turn               (no ring)
MPRegen 0.10/turn               (no ring)

@: heavily drained
A: high MP 1, forlorn, divine attributes, hooves 1, deformed body
a: no special abilities


You were on level 3 of the Dungeon.
You visited 1 branch of the dungeon, and saw 4 of its levels.

You collected 180 gold pieces.

Inventory:

Hand Weapons
 c - a +0 hand axe of flaming
 f - a +2 short sword of speed
 i - a +2 whip of venom
 q - a +4 dagger
Missiles
 k - 6 poisoned darts
 n - 6 boomerangs (quivered)
Armour
 a - a +0 scale mail
 b - a +0 buckler (worn)
 h - a +3 chain mail of cold resistance (worn)
Wands
 j - a wand of polymorph (9)
Scrolls
 e - a scroll of fear
Potions
 d - 2 potions of curing
 g - a potion of might


   Skills:
 + Level 3.6 Fighting
 + Level 3.6 Armour
 + Level 3.6 Shields
 * Level 4.0 Unarmed Combat


You had 4 spell levels left.
You didn't know any spells.
Your spell library contained the following spells:

 Spells                   Type           Power      Damage    Failure   Level
 Hailstorm                Conj/Ice       0%         3d3       100%        4
 Ice Form                 Ice/Tmut       0%         N/A       100%        4
 Simulacrum               Ice/Necr       0%         N/A       100%        6


Dungeon Overview and Level Annotations

Branches:
Dungeon (4/15)
 Temple: D:4-7


Innate Abilities, Weirdness & Mutations

You have an increased reservoir of magic. (+10% MP)
You shall have no god before yourself.
Your divine heritage dramatically boosts your attributes as you level up.
You have large cloven feet.
Armour fits poorly on your strangely shaped body.


Message History

A wight comes into view. It is wielding a +0 spear.
The wight hits you but does no damage.
The wight hits you from afar with a +0 spear.
* * * LOW HITPOINT WARNING * * *
You feel drained.
The wight hits you from afar with a +0 spear.
* * * LOW HITPOINT WARNING * * *
There is a stone staircase leading up here.
The wight completely misses you. You block the wight's attack.
You climb upwards.
There is a stone staircase leading down here.
You see here a +0 ring mail.
Aiming: Polymorph
Press: ? - help, Shift-Dir - straight line, f - wight
Aim: a wight, wielding a +0 flail and wearing a +0 robe (not susceptible)
Okay, then.
Unknown command.
Okay, then.
Okay, then.
It was a potion of mutation.
You feel extremely strange.
Your body twists and deforms.
Your feet thicken and deform.
The wight hits you but does no damage.
Unknown command.
You are confused.
You feel invigorated. The wight hits you but does no damage.
You feel less invigorated.
You feel less confused.
You are now empty-handed.
You hit the wight. You kick the wight, but do no damage.
The wight is lightly damaged.
The wight hits you with a +0 flail!
* * * LOW HITPOINT WARNING * * *
You feel drained.
* * * LOW HITPOINT WARNING * * *
You hit the wight but do no damage. Your kick misses the wight.
The wight is lightly damaged.
The wight hits you with a +0 flail.
* * * LOW HITPOINT WARNING * * *
You feel drained.
You die...

##########.# #.# #######.##
#........# #.#####..####### #.#
#..#.....# ###
###.#####..#.###.#####.##
#.......#z.#.##.......#.#
#.#.###..@.......#####.## #.#.#
#......###.#####.###
######.#.####...#.###.##....)..
#......#........#.....##.......
#.############.#########.......
#.# #.# #....... #.# ##'##
#....... #.# ##...## #<......
#.#### ##.....## #.......


You could see a wight.

Vanquished Creatures
  A wight (D:4)
  Jessica (D:3)
  Ijyb (D:3)
  Natasha (thrice) (D:2)
  3 gnolls (D:3)
  An adder (D:2)
  An adder skeleton (D:4)
  2 dart slugs
  5 orcs
  7 endoplasms
  4 giant cockroaches
  3 goblins
  4 hobgoblins
  2 jackals (D:2)
  7 kobolds
  2 quokkas (D:1)
  13 ball pythons
  9 bats
  A frilled lizard (D:2)
  5 rats
75 creatures vanquished.

Notes
Turn   | Place    | Note
-------+----------+-------------------------------------------
     0 | D:1      | pkoi the Demigod Fighter began the quest for the Orb.
     0 | D:1      | Reached XP level 1. HP: 18/18 MP: 3/3
   277 | D:1      | Reached skill level 2 in Unarmed Combat
   334 | D:1      | Reached XP level 2. HP: 4/25 MP: 4/4
  1661 | D:1      | Reached XP level 3. HP: 31/31 MP: 5/5
  1920 | D:2      | Noticed Natasha
  1927 | D:2      | Killed Natasha
  2250 | D:2      | Reached XP level 4. HP: 20/38 MP: 6/6
  2342 | D:2      | Noticed Natasha
  2355 | D:2      | Killed Natasha
  2356 | D:2      | Reached skill level 3 in Unarmed Combat
  2728 | D:2      | Noticed Natasha
  2745 | D:2      | Killed Natasha
  3255 | D:3      | Noticed Jessica
  3262 | D:3      | Killed Jessica
  3596 | D:3      | Reached XP level 5. HP: 40/45 MP: 7/7
  3761 | D:3      | Noticed Ijyb
  3908 | D:3      | Killed Ijyb
  4885 | D:4      | Noticed an orc warrior
  5024 | D:4      | Reached skill level 4 in Unarmed Combat
  5044 | D:3      | Gained mutation: Armour fits poorly on your strangely
                  | shaped body. [potion of mutation]
  5044 | D:3      | Gained mutation: You have large cloven feet. [potion of
                  | mutation]
  5053 | D:3      | HP: 1/41 [wight/+0 flail (4)]
  5053 | D:3      | Slain by a wight

Illustrated notes

Levels and vault maps discovered:
D:1:      evilmike_arrival_crescent, layout_basic, minmay_tetromino_s2
D:2:      layout_rooms, uniq_natasha
D:3:      layout_loops_corners, uniq_ijyb, uniq_jessica
D:4:      layout_cave_pods, minmay_temple_entry_stoned_glass, sigmund_army

Skill      XL: |  1  2  3  4  5 |
---------------+----------------+-----
Unarmed Combat | 2 3 4 |  4.0
Armour         | 3 |  3.6
Fighting       | 3 |  3.6
Shields        | 3 |  3.6

Action                   |  1- 3 |  4- 6 || total
-------------------------+-------+-------++-------
Melee: Unarmed           |    85 |     2 ||    87
       Hand axe          |    36 |       ||    36
       Whip              |    40 |   106 ||   146
       Dagger            |       |    23 ||    23
       Kick              |       |     1 ||     1
  Use: Potion            |     1 |     7 ||     8
       Scroll            |       |     4 ||     4
Armor: Scale mail        |    88 |    13 ||   101
       Skin              |       |     8 ||     8
       Chain mail        |       |    23 ||    23
Dodge: Dodged            |    80 |    32 ||   112
Block: Buckler           |    48 |    25 ||    73
